Map: Prion Terraces

Players

llllllllllll - Winner!

  • Race: Zerg Zerg
  • League: Master

MorN

  • Race: Terran Terran
  • League: Platinum

VOD

Have the link to the VOD?

Description

Time

  • Played on: Nov. 17, 2015, 1:25 a.m.
  • Length: 6:08
Show
View Real Time Build Order
Export as new Build Order

llllllllllll Zerg - Winner!

Build Orders: Hatch First, Zergling Baneling 

Get SALT Encoding   

  12  0:01  Drone  
  13  0:12  Overlord  
  13  0:18  Drone  
  14  0:30  Drone  
  14  0:31  Drone  
  16  0:35  Drone  
  17  0:56  Hatchery  
  16  0:58  Drone  
  17  1:09  Drone x2  
  19  1:20  Spawning Pool  
  19  1:21  Extractor  
  19  1:22  Drone  
  18  1:30  Drone  
  19  1:40  Drone  
  20  1:50  Overlord  
  20  2:00  Drone  
  21  2:07  Queen  
  21  2:08  Zergling x2  
  24  2:09  Queen  
  24  2:12  Zergling x2  
  27  2:21  Drone  
  29  2:22  Drone  
  29  2:36  Drone x2  
  31  2:38  Metabolic Boost  
  31  2:43  Drone x2  
  33  2:51  Overlord  
  33  2:54  Drone  
  34  3:04  Overlord  
  34  3:06  Drone  
  35  3:13  Drone  
  35  3:15  Zergling x2  
  36  3:22  Zergling x8  
  36  3:23  Zergling x4  
  42  3:28  Baneling Nest  
  42  3:31  Drone  
  41  3:52  Hatchery  
  41  3:54  Zergling x12  
  45  4:10  Zergling x12  
  51  4:17  Hatchery  
  51  4:20  Overlord  
  50  4:27  Zergling x2  
  51  4:33  Overlord x2  
  51  4:39  Zergling x6  
  54  4:46  Zergling x2  
  54  4:47  Zergling x2  
  54  4:48  Baneling x9  
  54  4:49  Baneling  
  56  4:55  Zergling x4  
  54  5:14  Zergling x12  
  51  5:18  Zergling x4  
  58  5:24  Zergling x4  
  58  5:30  Zergling x2  
  58  5:31  Zergling x8  
  58  5:45  Drone x4  
  58  5:48  Drone  
Show
View Real Time Build Order
Export as new Build Order

MorN Terran 

Build Orders: Liberator Opening, Reaper Expand 

Get SALT Encoding   

  12  0:00  SCV  
  13  0:13  SCV  
  14  0:17  Supply Depot  
  14  0:25  SCV  
  15  0:39  SCV  
  15  0:40  Barracks  
  16  0:44  Refinery  
  16  0:51  SCV  
  17  1:03  SCV  
  18  1:15  SCV  
  19  1:29  Orbital Command  
  19  1:30  Reaper  
  20  1:44  Command Center  
  20  1:48  Supply Depot  
  20  1:55  SCV  
  21  2:02  Reaper  
  21  2:07  SCV  
  23  2:20  SCV  
  24  2:25  Factory  
  24  2:40  Refinery  
  24  2:43  Barracks Reactor  
  24  2:45  Command Center  
  24  2:48  SCV  
  25  2:57  Orbital Command  
  25  3:00  SCV  
  27  3:12  SCV  
  27  3:24  SCV, Starport  
  28  3:31  Hellion x2  
  32  3:35  Barracks Tech Lab  
  32  3:37  SCV  
  32  3:38  SCV  
  34  3:49  Liberator  
  34  3:54  Hellion x2  
  38  3:58  Stimpack, Orbital Command  
  38  4:01  SCV  
  39  4:08  SCV  
  43  4:14  SCV  
  43  4:15  Hellion x2  
  48  4:20  SCV  
  49  4:25  Marine  
  49  4:26  SCV x2  
  49  4:27  Supply Depot  
  52  4:32  SCV  
  52  4:36  Liberator  
  52  4:38  SCV  
  54  4:42  Barracks  
  54  4:44  SCV  
  55  4:48  Barracks  
  55  4:56  SCV, Engineering Bay  
  55  4:57  Refinery, Engineering Bay  
  55  4:58  Refinery  
  55  4:59  Supply Depot, Factory Reactor  
  59  5:06  Bunker  
  49  5:18  SCV x2  
  51  5:21  SCV  
  47  5:37  Hellion x2  
  48  5:47  Marine x3  
  45  5:51  SCV x2  
Tags
 
Add a new tag
Caveats
  • Supply blocks, unpowered buildings, or Contaminate may cause inaccurate times.
  • Supply counts are checked every 10 seconds.